 Dungeon Crawl Stone Soup version 0.20.1-1-g8b1a95d (webtiles) character file.

2907 manon the Carver (level 9, -1/63 HPs)
             Began as a Demonspawn Fighter on Sept 5, 2017.
             Was an Initiate of Ashenzari.
             Killed by the air
             ... invoked by Gastronok
              (22 damage)
             ... on level 8 of the Dungeon.
             The game lasted 00:36:32 (7098 turns).

manon the Carver (Demonspawn Fighter)               Turns: 7098, Time: 00:36:33

Health: -1/63      AC:  9    Str: 23    XL:     9   Next: 49%
Magic:  9/9        EV:  8    Int: 12    God:    Ashenzari [......]
Gold:   256        SH: 11    Dex: 14    Spells: 5/8 levels left

rFire    . . .     SeeInvis +   a - +3 scimitar (curse)
rCold    . . .     Gourm    .   c - +0 shield
rNeg     . . .     Faith    .   b - +0 scale mail
rPois    .         Spirit   .   (helmet unavailable)
rElec    .         Reflect  .   (no cloak)
rCorr    .         Harm     .   (no gloves)
MR       .....                  (no boots)
Stlth    ..........             (no amulet)
Regen    0.2/turn               j - ring of see invisible
MPRegen  0.2/turn               (no ring)

@: mighty
A: antennae 3, yellow scales 1, sense surroundings 1, spiny 2, strong 1
a: Curse Item, Renounce Religion


You were on level 8 of the Dungeon.
You worshipped Ashenzari.
Ashenzari was noncommittal.
You were hungry.

You visited 2 branches of the dungeon, and saw 9 of its levels.
You also visited: Sewer.

You collected 300 gold pieces.
You spent 44 gold pieces at shops.

Inventory:

Hand Weapons
 a - a cursed +3 scimitar (weapon)
 g - a +0 hunting sling
 B - a +0 falchion
 C - a +0 long sword
Armour
 b - a +0 scale mail (worn)
 c - a +0 shield (worn)
 y - a +0 buckler
 D - a +0 plate armour
Jewellery
 j - a ring of see invisible (left hand)
 n - an uncursed ring of fire
Wands
 s - a wand of polymorph (10/24)
 z - a wand of clouds (4/9)
 E - a wand of clouds (6/9)
 M - a wand of digging (8/24)
Scrolls
 i - a scroll of identify
 l - 3 scrolls of remove curse
 o - a scroll of enchant weapon {unknown}
 q - 3 scrolls of amnesia
 t - 3 scrolls of random uselessness
 u - a scroll of recharging {unknown}
 x - a scroll of teleportation {unknown}
 A - a scroll of acquirement {unknown}
 H - 2 scrolls of enchant armour {unknown}
 I - a scroll of silence {unknown}
 J - a scroll of fear {unknown}
Potions
 d - a potion of might
 e - a potion of lignification {unknown}
 k - a potion of heal wounds {unknown}
 m - a potion of flight {unknown}
 p - a potion of mutation
 r - a potion of degeneration {unknown}
 v - a potion of brilliance {unknown}
 G - a potion of ambrosia {unknown}
 K - a potion of curing
 N - a potion of haste {unknown}
Books
 F - a book of Flames

   Spells                             Type                      Level
   a - Flame Tongue                   Conjuration/Fire             1
   b - Throw Flame                    Conjuration/Fire             2
   c - Conjure Flame                  Conjuration/Fire             3
   d - Inner Flame                    Hexes/Fire                   3
   e - Sticky Flame                   Conjuration/Fire             4
   f - Fireball                       Conjuration/Fire             5
 L - a book of Necromancy

   Spells                             Type                      Level
   a - Pain                           Necromancy                   1
   b - Animate Skeleton               Necromancy                   1
   c - Vampiric Draining              Necromancy                   3
   d - Regeneration                   Charms/Necromancy            3
   e - Animate Dead                   Necromancy                   4
   f - Control Undead                 Necromancy                   4
Comestibles
 f - 6 bread rations
 h - 2 royal jellies
 w - 2 meat rations


   Skills:
 - Level 3.0 Fighting
 * Level 9.7 Long Blades
 + Level 5.8 Armour
 + Level 5.8 Shields
 + Level 0.3 Charms
 + Level 0.7 Necromancy


You had 5 spell levels left.
You knew the following spells:

 Your Spells              Type           Power        Failure   Level  Hunger
a - Regeneration          Chrm/Necr      #.........   99%         3    ####...


Dungeon Overview and Level Annotations

Branches:
Dungeon (8/15)             Temple (1/1) D:7
   Lair: D:8-11

Altars:
Ashenzari
Cheibriados
Dithmenos
Elyvilon
Fedhas
Gozag
Kikubaaqudgha
Makhleb
Nemelex Xobeh
Qazlal
Ru
Sif Muna
Trog
Uskayaw
Vehumet
Xom
Yredelemnul
Zin
The Shining One

Shops:
D:5 :[=![

Annotations:
D:4 1 runed door
D:7 2 transporters
D:8 Gastronok


Innate Abilities, Weirdness & Mutations

You have a pair of large antennae on your head. (SInv)
You are partially covered in yellow scales. (AC +2)
You are mostly covered in sharp spines.
You passively map a small area around you.
Your muscles are strong. (Str +2)


Message History

You block the worker ant's attack.
You closely miss the worker ant.
The worker ant is heavily wounded.
The worker ant is struck by your spines.
The worker ant bites you but does no damage.
Gastronok bites you!
You slash the worker ant!
You kill the worker ant!
You hit Gastronok but do no damage. You block Gastronok's attack.
You hit Gastronok but do no damage. You hit Gastronok.
Gastronok is lightly wounded.
Gastronok bites you!!
Ouch! That really hurt!
You feel very mighty all of a sudden.
Your scale mail prevents you from hitting Gastronok.
Gastronok is lightly wounded.
Gastronok waves his eye-stalks in wide circles.
The air twists around and strikes you!
You die...

, , , * * ,
, * , # *, ,
#. *
#$####### ,
*#.......#,>
** #......$#
* #....%..#
, #...†@..#*
, #.....w.#
, *
#.......# {
, ,
#.......#
###...### {
, * * *
.#.#.* { , ,
....,. ,
##.#. .* * *
*


You could see Gastronok.

Vanquished Creatures
  2 orc warriors
  6 ogres
  A sky beast (D:7)
  3 centaurs
  Blork the orc (D:6)
  2 bullfrogs (Sewer)
  A wyvern zombie (D:6)
  A scorpion (D:7)
  A water moccasin skeleton (D:4)
  4 killer bees
  5 wights (D:5)
  4 crimson imps
  A bullfrog zombie (D:4)
  4 hounds
  A jelly (D:7)
  4 orc priests
  3 orc wizards
  A bullfrog skeleton (D:4)
  An iguana (D:6)
  7 worker ants
  A worker ant zombie (D:5)
  11 adders
  7 gnolls (D:7)
  9 oozes
  An adder zombie (D:7)
  2 adder skeletons
  6 worms
  6 dart slugs
  5 leopard geckos
  29 orcs
  9 ball pythons (Sewer)
  8 giant cockroaches
  5 goblins
  4 hobgoblins
  4 jackals
  4 quokkas
  10 bats
  9 frilled lizards
  A jackal skeleton (D:4)
  4 kobolds
  A quokka skeleton (D:4)
  A quokka zombie (D:5)
  7 rats
197 creatures vanquished.

Notes
Turn   | Place    | Note
-------+----------+-------------------------------------------
     0 | D:1      | manon the Demonspawn Fighter began the quest for the Orb.
     0 | D:1      | Reached XP level 1. HP: 18/18 MP: 1/1
   185 | D:1      | Reached skill level 2 in Long Blades
   314 | D:1      | Gained mutation: You are partially covered in sharp spines. [demonic ancestry]
   314 | D:1      | Reached XP level 2. HP: 17/24 MP: 2/2
   939 | D:2      | Reached skill level 3 in Long Blades
   976 | D:2      | Gained mutation: You are mostly covered in sharp spines. [demonic ancestry]
   976 | D:2      | Reached XP level 3. HP: 15/29 MP: 3/3
  1581 | D:2      | Gained mutation: You have a pair of small antennae on your head. [demonic ancestry]
  1581 | D:2      | Reached XP level 4. HP: 35/35 MP: 4/4
  1745 | D:3      | Reached skill level 4 in Long Blades
  2323 | D:4      | Reached skill level 5 in Long Blades
  2323 | D:4      | Reached XP level 5. HP: 19/41 MP: 5/5
  2525 | D:4      | Found a glowing drain.
  2557 | Sewer    | Entered a sewer
  2671 | Sewer    | Gained mutation: You have a pair of antennae on your head. [demonic ancestry]
  2671 | Sewer    | Reached XP level 6. HP: 47/47 MP: 6/6
  2745 | Sewer    | Reached skill level 6 in Long Blades
  3033 | D:4      | Reached skill level 7 in Long Blades
  3033 | D:4      | Gained mutation: You are partially covered in yellow scales. (AC +2) [demonic ancestry]
  3033 | D:4      | Reached XP level 7. HP: 48/52 MP: 7/7
  3345 | D:4      | Found a runed door.
  3485 | D:5      | Entered Level 5 of the Dungeon
  3491 | D:5      | Found Ysam Neth's Antique Armour Emporium.
  3528 | D:5      | Found Hicitauw's Jewellery Shop.
  3539 | D:5      | Reached skill level 8 in Long Blades
  3544 | D:5      | Found Ygamip's Book Shoppe.
  3778 | D:5      | Found Paghar's Armour Boutique.
  3860 | D:5      | Reached XP level 8. HP: 47/58 MP: 8/8
  4537 | D:5      | Found Deheivocwo's Distillery.
  4545 | D:5      | Bought a potion of might for 44 gold pieces
  4861 | D:6      | Reached skill level 9 in Long Blades
  5225 | D:6      | Noticed Blork the orc
  5238 | D:6      | Killed Blork the orc
  5278 | D:6      | Reached skill level 5 in Armour
  5278 | D:6      | Reached XP level 9. HP: 9/63 MP: 9/9
  5570 | D:6      | Reached skill level 5 in Shields
  5939 | D:7      | Gained mutation: You passively map a small area around you. [potion of mutation]
  5939 | D:7      | Gained mutation: You have a pair of large antennae on your head. (SInv) [potion of mutation]
  5939 | D:7      | Gained mutation: Your muscles are strong. (Str +2) [potion of mutation]
  6135 | D:7      | Found a staircase to the Ecumenical Temple.
  6144 | Temple   | Entered the Ecumenical Temple
  6235 | Temple   | Became a worshipper of Ashenzari the Shackled
  6672 | D:7      | Found a transporter.
  6673 | D:7      | Noticed a kobold demonologist
  6684 | D:7      | Found a transporter.
  6695 | D:7      | Learned a level 3 spell: Regeneration
  7088 | D:8      | Noticed Gastronok
  7098 | D:8      | Killed from afar by Gastronok

Skill      XL: |  1  2  3  4  5  6  7  8  9 |
---------------+----------------------------+-----
Long Blades    | 2 3 5 7 8 9 |  9.7
Armour         | 3 5 |  5.8
Shields        | 3 4 5 |  5.8
Fighting       | |  3.0
Charms         | |  0.3
Necromancy     | |  0.7

Action                   |  1- 3 |  4- 6 |  7- 9 || total
-------------------------+-------+-------+-------++-------
Melee: Long sword        |    90 |   155 |   145 ||   390
       Scimitar          |       |       |   170 ||   170
Evoke: Wand              |       |       |     2 ||     2
  Use: Potion            |       |       |     6 ||     6
       Scroll            |       |       |     4 ||     4
  Eat: Chunk             |     2 |     3 |    13 ||    18
       Royal jelly       |       |     1 |       ||     1
Armor: Scale mail        |    42 |    45 |    87 ||   174
Dodge: Dodged            |    11 |    33 |    52 ||    96
Block: Shield            |    40 |    66 |   126 ||   232
       Rpst.: Long sword |     4 |    12 |     8 ||    24
       Scimitar          |       |       |     6 ||     6
